 Dungeon Crawl Stone Soup version 0.32-a0-86-g8db1b9f803 (webtiles) character file.

Game seed: 17220872596874012546

224 Esekla the Covert (level 6, -5/43 HPs)
             Began as an Octopode Delver on Feb 5, 2024.
             Was an Initiate of Gozag.
             Slain by a crocodile zombie (10 damage)
             ... in an ossuary.
             The game lasted 00:06:20 (617 turns).

Esekla the Covert (Octopode Delver)                  Turns: 617, Time: 00:06:21

Health: -5/43      AC:  1    Str: 12    XL:     6   Next: 0%
Magic:  8/8        EV: 13    Int: 14    God:    Gozag
Gold:   103        SH:  0    Dex: 13    Spells: 8/8 levels left

rFire   . . .        a - +0 falchion
rCold   . . .        (no shield)
rNeg    . . .        (helmet restricted)
rPois   .            (no amulet)
rElec   .            (no ring)
rCorr   .            (no ring)
SInv    .            (no ring)
Will    .....        (no ring)
Stlth   +++++        (no ring)
HPRegen 0.27/turn    (no ring)
MPRegen 0.11/turn    (no ring)
                     (no ring)

%: no passive effects
@: brilliant
A: almost no armour, amphibious, 8 rings, camouflage 1, gelatinous body 1,
(nimble swimmer 1), tentacles
a: Renounce Religion, Potion Petition, Call Merchant, Bribe Branch


You were in an ossuary.
You worshipped Gozag.
Gozag was aware of your devotion.
You visited 2 branches of the dungeon, and saw 3 of its levels.
You also visited: Ossuary.

You collected 109 gold pieces.
You paid 6 gold pieces to Gozag.

Inventory:

Hand Weapons
 a - a +0 falchion (weapon)
 s - a +0 dagger
Jewellery
 c - a ring of willpower
Wands
 f - a wand of digging (3)
 h - a wand of mindburst (13)
Scrolls
 b - a scroll of fog
 d - a scroll of fear
Potions
 e - a potion of haste
 k - a potion of attraction {unknown}


   Skills:
 * Level 4.0 Fighting
 + Level 2.4 Long Blades
 + Level 2.4 Dodging
 + Level 8.6 Stealth
 * Level 1.9 Spellcasting


You had 8 spell levels left.
You didn't know any spells.
Your spell library was empty.

Dungeon Overview and Level Annotations

Branches:
Dungeon (5/15)             Temple (1/1) D:5         Ossuary (1/1)

Altars:
Ashenzari
Cheibriados
Dithmenos
Elyvilon
Fedhas
Gozag
Hepliaklqana
Kikubaaqudgha
Makhleb
Nemelex Xobeh
Okawaru
Qazlal
Ru
Sif Muna
Uskayaw
Vehumet
Wu Jian
Yredelemnul
Zin
The Shining One


Innate Abilities, Weirdness & Mutations

You cannot wear most types of armour.
You are amphibious.
You can wear up to eight rings at the same time.
Your skin changes colour to match your surroundings (Stealth+).
Your rubbery body absorbs attacks. (AC +1, EV +1)
((You are camouflaged when in or above water. (Stealth+)))
You have tentacles for arms and can constrict up to eight enemies at once.


Message History

You have reached level 6!
You now have 96 gold pieces (gained 5).
There is an open door here.
You now have 103 gold pieces (gained 7).
You start resting.
HP restored.
s - a +0 dagger (weapon)
You open the door.
There is an open door here.
You open the door.
A gnoll zombie and a water moccasin zombie come into view.
An adder zombie, a gnoll zombie, a crocodile zombie and a spectral scorpion come into view.
There is an open door here.
The helpless crocodile zombie fails to defend itself.
You impale the crocodile zombie!! You squeeze the crocodile zombie.
The crocodile zombie is almost destroyed.
The crocodile zombie bites you!
The crocodile zombie drags you backwards!
The water moccasin zombie attacks as it pursues you!
The water moccasin zombie bites you.
The gnoll zombie attacks as it pursues you!
The gnoll zombie hits you but does no damage.
The water moccasin zombie bites you. The gnoll zombie hits you.
There is an open door, spattered with blood here.
The crocodile zombie attacks as it pursues you!
The crocodile zombie bites you.
a - a +0 falchion (weapon)
You barely miss the crocodile zombie.
The crocodile zombie is almost destroyed.
The crocodile zombie misses you.
You hit the crocodile zombie.
The crocodile zombie is almost destroyed.
The crocodile zombie bites you!
* * * LOW HITPOINT WARNING * * *
It was a potion of brilliance.
You feel clever all of a sudden. The crocodile zombie bites you!
You die...
Your body crumbles into a pile of gold.

###+# #...#
#...# #Z.Z#
#Z.Z# ###Z#
#.@.# #...#
#...# #...#
##'## #...#
### #####...#
#?!!!#...#...#
+!?:!#.∩.'...#


You could see a crocodile zombie and 2 gnoll zombies.

Vanquished Creatures
  A weeping skull (Ossuary)
  3 howler monkeys
  A jelly (D:4)
  A ribbon worm (D:4)
  3 orcs (D:5)
  An endoplasm (D:4)
  A goblin (D:4)
  A hobgoblin (D:4)
  A ball python (D:4)
  A gnoll zombie (Ossuary)
  2 kobolds (D:4)
16 creatures vanquished.

Notes
Turn   | Place    | Note
-------+----------+-------------------------------------------
     0 | D:5      | Esekla the Octopode Delver began the quest for the Orb.
     0 | D:5      | Reached XP level 1. HP: 16/16 MP: 1/1
     0 | D:5      | Noticed a howler monkey
    11 | D:5      | Killed a howler monkey
    12 | D:5      | Reached skill level 7 in Stealth
    12 | D:5      | Reached XP level 2. HP: 21/21 MP: 1/3
    12 | D:5      | Reached XP level 3. HP: 26/26 MP: 1/4
    32 | D:5      | Reached skill level 1 in Spellcasting
    38 | D:5      | Noticed an ice beast
    83 | D:5      | Found a staircase to the Ecumenical Temple.
   101 | D:5      | Reached XP level 4. HP: 11/31 MP: 5/5
   104 | Temple   | Entered the Ecumenical Temple
   123 | Temple   | Became a worshipper of Gozag Ym Sagoz the Greedy
   190 | D:4      | Reached skill level 8 in Stealth
   260 | D:4      | Reached XP level 5. HP: 29/37 MP: 7/7
   407 | D:4      | Found a sand-covered staircase.
   412 | Ossuary  | Entered an ossuary
   414 | Ossuary  | Noticed a weeping skull
   474 | Ossuary  | Killed a weeping skull
   475 | Ossuary  | Reached XP level 6. HP: 10/43 MP: 8/8
   617 | Ossuary  | Slain by a crocodile zombie

Illustrated notes

Levels and vault maps discovered:
D:4:      layout_basic, enter_ossuary_5
D:5:      layout_basic, minmay_temple_entry_drinking_statues,
          grunt_ministairs_14
Temple:   nicolae_temple_bog_church
Ossuary:  ossuary_tomb_2

Skill      XL: |  1  2  3  4  5 |
---------------+----------------+-----
Stealth        | 7 8 |  8.6
Spellcasting   | 1 |  1.9
Fighting       | 4 |  4.0
Long Blades    | |  2.4
Dodging        | |  2.4

Action                     |  1- 3 |  4- 6 || total
---------------------------+-------+-------++-------
  Melee: Falchion          |    14 |    27 ||    41
         Tentacles         |     7 |    10 ||    17
         Constrict         |     3 |     6 ||     9
         Dagger            |       |     3 ||     3
         Punch             |       |     2 ||     2
    Use: Scroll            |     1 |     1 ||     2
         Potion            |       |     2 ||     2
   Stab: Sleeping          |       |     4 ||     4
 Armour: Skin              |     7 |    21 ||    28
  Dodge: Dodged            |     7 |    12 ||    19

Table legend: (Time is in decaauts)
 A = Elapsed time spent in this place.
 B = Non-inter-level travel time spent in this place.
 C = Inter-level travel time spent in this place.
 D = Time resting spent in this place.
 E = Time spent auto-exploring this place.
 F = Levels seen in this place.
 G = Mean time per level.
                   A        B        C        D        E       F      G
               +--------+--------+--------+--------+--------+-----+--------+
         Total |    621 |    583 |     38 |    159 |      0 |   4 |  155.2 |
       Dungeon |    377 |    376 |      1 |      0 |      0 |   2 |  188.5 |
        Temple |     38 |      1 |     37 |      0 |      0 |   1 |   38.0 |
       Ossuary |    204 |    204 |      0 |    159 |      0 |   1 |  204.0 |
               +--------+--------+--------+--------+--------+-----+--------+

Top non-repeatable levels by time:
     D:4: 258 daAuts
 Ossuary: 204 daAuts
     D:5: 119 daAuts
  Temple: 38 daAuts
